 Dungeon Crawl Stone Soup version 0.31-a0-986-g5e6e4ef867 (webtiles) character file.

Game seed: 9070593854284962742

70 Iich the Trooper (level 4, 37/37 HPs)
             Began as a Demonspawn Fighter on Nov 23, 2023.
             Got out of the dungeon alive.
             The game lasted 00:04:28 (2157 turns).

Iich the Trooper (Demonspawn Fighter)               Turns: 2157, Time: 00:04:29

Health: 37/37      AC:  8    Str: 19    XL:     4   Next: 3%
Magic:  4/4        EV:  8    Int:  9    God:
Gold:   116        SH:  8    Dex: 12    Spells: 3/3 levels left

rFire   . . .        a - +0 war axe
rCold   . . .        c - +0 buckler
rNeg    . . .        f - +0 chain mail
rPois   .            (no helmet)
rElec   .            (no cloak)
rCorr   .            (no gloves)
SInv    .            (no boots)
Will    .....        (no amulet) Stlth
                     (no ring)
HPRegen 0.26/turn    (no ring)
MPRegen 0.09/turn

%: no passive effects
@: no status effects
A: condensation shield, demonic touch 1
a: no special abilities


You escaped.
You visited 1 branch of the dungeon, and saw 3 of its levels.

You collected 116 gold pieces.

Inventory:

Hand Weapons
 a - a +0 war axe (weapon)
Armour
 b - a +0 scale mail
 c - a +0 buckler (worn)
 f - a +0 chain mail (worn)
Wands
 i - a wand of flame (9)
Scrolls
 g - a scroll of blinking {unknown}
 j - 4 scrolls of poison
 k - a scroll of revelation
 m - a scroll of fog {unknown}
 o - a scroll of noise {unknown}
 t - a scroll of teleportation
Potions
 d - 2 potions of might
 e - a potion of brilliance {unknown}
 h - a potion of attraction {unknown}
 l - 2 potions of enlightenment {unknown}
 n - a potion of curing {unknown}
 p - a potion of haste {unknown}


   Skills:
 + Level 3.7 Fighting
 + Level 2.6 Axes
 - Level 2.6 Armour
 + Level 1.7 Dodging
 - Level 2.6 Shields


You had 3 spell levels left.
You didn't know any spells.
Your spell library contained the following spells:

 Spells                   Type           Power      Damage    Failure   Level
 Necrotise                Necr           0%         1d4       99%         1
 Vampiric Draining        Necr           0%         2d6       100%        3
 Agony                    Necr           0%         N/A       100%        5


Dungeon Overview and Level Annotations

Branches:
Dungeon (3/15)

Altars:
Ashenzari


Innate Abilities, Weirdness & Mutations

A meltable shield of frost defends you. (SH +4)
Your touch may inflict minor irresistible damage on your foes.


Message History

The goblin shouts!
A goblin is nearby!
Found 8 gold pieces.
You block the goblin's attack.
You slash the goblin!
You kill the goblin!
You have reached level 4!
You feel stronger.
You feel monstrous as your demonic heritage exerts itself.
Your demonic ancestry asserts itself...
Your hands begin to faintly glow with unholy energy.
Health restored: 37; MP restored: 4
i - a wand of flame (9)
A rat comes into view.
Found a stone staircase leading down.
A frilled lizard comes into view.
The frilled lizard moves out of view.
The rat bites you but does no damage.
You barely miss the rat. The rat bites you but does no damage.
You slash the rat!
You kill the rat!
You miss the frilled lizard.
The frilled lizard bites you but does no damage.
You barely miss the frilled lizard. The frilled lizard bites you.
You take 3 damage, and have 34/37 hp.
You hit the frilled lizard.
You kill the frilled lizard!
No target in view!
What level of the Dungeon? (default 3, ? - help)
p - a coppery potion HP restored.
There is a stone staircase leading up here.
You climb upwards.
There is a stone staircase leading down here.
There is an open door here.
There is a stone staircase leading up here.
You climb upwards.
There is a stone staircase leading down here.
There is a staircase leading out of the dungeon here.
Health restored: 37 You have escaped!

#.# #####.#..### #.#
##≈≈≈≈≈≈~≈≈≈## #.###
##≈≈≈≈≈≈~≈≈≈≈≈## #...#
##≈≈≈≈≈≈≈~≈≈≈≈≈≈##
###.###≈≈≈8≈≈≈≈≈~≈≈8≈≈≈#
#....≈≈≈≈≈≈≈≈≈≈~≈≈≈≈≈#
#.##.≈≈≈≈...≈≈≈~≈≈≈≈≈#
#.###.≈≈.≈≈≈.≈≈~≈≈≈≈≈# #)#
#≈..≈≈≈≈.@~≈≈≈≈≈≈# #.#
#≈≈≈≈≈≈~>.≈≈≈≈..≈# #.#
#≈≈≈≈≈~≈≈.≈≈≈.≈≈.## #.#
#≈≈≈≈≈~≈≈≈...≈≈≈≈.########
#.#
#≈≈≈≈≈~≈≈≈≈≈≈≈≈≈≈........#
#.#
#≈≈≈8≈≈~≈≈≈≈≈8≈≈≈.####....
#.#
#.≈≈≈≈≈≈~≈≈≈≈≈≈≈.#........
#.#
##.≈≈≈≈≈~≈≈≈≈≈≈.##.###.#.#
#.# #.#≈≈≈~≈≈≈≈≈≈####.#
#.#.#


There were no monsters in sight!

Vanquished Creatures
  An adder (D:2)
  A worm (D:2)
  3 dart slugs
  2 ball pythons (D:1)
  5 endoplasms
  8 goblins
  6 hobgoblins
  2 jackals (D:1)
  A quokka (D:1)
  3 bats
  4 frilled lizards
  7 kobolds
  7 rats
50 creatures vanquished.

Notes
Turn   | Place    | Note
-------+----------+-------------------------------------------
     0 | D:1      | Iich the Demonspawn Fighter began the quest for the Orb.
     0 | D:1      | Reached XP level 1. HP: 18/18 MP: 1/1
   196 | D:1      | Found a faded altar of an unknown god.
   205 | D:1      | Gained mutation: A meltable shield of frost defends you.
                  | (SH +4) [demonic ancestry]
   205 | D:1      | Reached XP level 2. HP: 7/24 MP: 2/2
   398 | D:1      | Reached skill level 1 in Dodging
   551 | D:1      | Reached XP level 3. HP: 28/29 MP: 3/3
  1607 | D:2      | Found a broken altar of Ashenzari.
  2065 | D:3      | Discovered your monstrous ancestry.
  2065 | D:3      | Gained mutation: Your touch may inflict minor irresistible
                  | damage on your foes. [demonic ancestry]
  2065 | D:3      | Reached XP level 4. HP: 37/37 MP: 4/4
  2157 | D:$      | Got out of the dungeon alive.

Illustrated notes

Levels and vault maps discovered:
D:1:      nzn_arrival_water_spiral, layout_loops_ring,
          hellmonk_ecumenical_altar_prayer_group, minmay_close_crescents
D:2:      layout_basic, basic_altar, minmay_gold_behind_fungi
D:3:      layout_rooms, serial_shops, shop, nicolae_hexahallways,
          minmay_misc_feat_room

Skill      XL: |  1  2 |
---------------+-------+-----
Axes           | 2 |  2.6
Dodging        | 1 |  1.7
Fighting       | |  3.7
Armour         | |  2.6
Shields        | |  2.6

Action                     |  1- 3 |  4- 6 || total
---------------------------+-------+-------++-------
  Melee: War axe           |   139 |     5 ||   144
    Use: Scroll            |     3 |       ||     3
 Armour: Scale mail        |    71 |       ||    71
         Chain mail        |    17 |     4 ||    21
  Dodge: Dodged            |    48 |       ||    48
  Block: Buckler           |    63 |       ||    63

Table legend: (Time is in decaauts)
 A = Elapsed time spent in this place.
 B = Non-inter-level travel time spent in this place.
 C = Inter-level travel time spent in this place.
 D = Time resting spent in this place.
 E = Time spent auto-exploring this place.
 F = Levels seen in this place.
 G = Mean time per level.
                   A        B        C        D        E       F      G
               +--------+--------+--------+--------+--------+-----+--------+
         Total |   2222 |   1841 |    381 |    100 |   1298 |   3 |  740.7 |
       Dungeon |   2222 |   1841 |    381 |    100 |   1298 |   3 |  740.7 |
               +--------+--------+--------+--------+--------+-----+--------+

Top non-repeatable levels by time:
     D:2: 1171 daAuts
     D:1: 1013 daAuts
     D:3: 37 daAuts
